 Dungeon Crawl Stone Soup version 0.31-a0-133-gaae73658be (webtiles) character file.

Game seed: 18159848846928064534

2 Esekla the Sneak (level 1, 0/16 HPs)
             Began as an Octopode Delver on June 2, 2023.
             Was an Initiate of Gozag.
             Shot with an arrow by a centaur (9 damage)
             ... on level 5 of the Dungeon.
             The game lasted 00:04:24 (335 turns).

Esekla the Sneak (Octopode Delver)                   Turns: 335, Time: 00:04:24

Health: 0/16       AC:  1    Str: 11    XL:     1   Next: 40%
Magic:  1/1        EV: 13    Int: 12    God:    Gozag
Gold:   20         SH:  0    Dex: 13    Spells: 0/0 levels left

rFire   . . .        a - +0 long sword
rCold   . . .        (no shield)
rNeg    . . .        (helmet restricted)
rPois   .            (no amulet)
rElec   .            (no ring)
rCorr   .            (no ring)
SInv    .            (no ring)
Will    .....        (no ring)
Stlth   ++++         (no ring)
HPRegen 0.22/turn    (no ring)
MPRegen 0.07/turn    (no ring)
                     (no ring)

%: no passive effects
@: no status effects
A: almost no armour, amphibious, 8 rings, camouflage 1, gelatinous body 1,
(nimble swimmer 1), tentacles
a: Renounce Religion, Potion Petition, Call Merchant, Bribe Branch


You were on level 5 of the Dungeon.
You worshipped Gozag.
Gozag was noncommittal.
You visited 1 branch of the dungeon, and saw 1 of its levels.

You collected 29 gold pieces.
You paid 9 gold pieces to Gozag.

Inventory:

Hand Weapons
 a - a +0 long sword (weapon)
Wands
 f - a wand of digging (3)
Scrolls
 b - a scroll of fog
 c - a scroll of vulnerability {unknown}
 d - 2 scrolls of fear
 g - a scroll of blinking {unknown}
Potions
 e - a potion of haste


   Skills:
 * Level 3.0 Fighting
 * Level 2.0 Long Blades
 * Level 2.0 Dodging
 + Level 6.6 Stealth
 * Level 0.1 Spellcasting


You couldn't memorise any spells.
You didn't know any spells.
Your spell library contained the following spells:

 Spells                   Type           Power      Damage    Failure   Level
 Freeze                   Ice            0%         1d3       32%         1
 Frozen Ramparts          Ice            0%         1d1       69%         3
 Hailstorm                Conj/Ice       0%         3d3       69%         3


Dungeon Overview and Level Annotations

Branches:
Dungeon (5/15)
 Temple: D:4-7

Altars:
Gozag

Shops:
D:5 =(


Innate Abilities, Weirdness & Mutations

You cannot wear most types of armour.
You are amphibious.
You can wear up to eight rings at the same time.
Your skin changes colour to match your surroundings (Stealth+).
Your rubbery body absorbs attacks. (AC +1, EV +1)
((You are camouflaged when in or above water. (Stealth+)))
You have tentacles for arms and can constrict up to eight enemies at once.


Message History

You constrict the dart slug. You hit the dart slug.
You kill the dart slug!
Found a scroll of fear.
You pick up a book of Frost and begin reading...
You add the spells Freeze, Frozen Ramparts and Hailstorm to your library.
d - 2 scrolls of fear (gained 1)
You open the door.
There is an open door here.
Found Tegick's Weapon Emporium.
There is an entrance to Tegick's Weapon Emporium here.
You can access your shopping list by pressing '$'.
Found an opulent altar of Gozag.
Found 12 gold pieces.
Found a scroll labelled KAOREKKIDUDD.
You now have 12 gold pieces.
There is an opulent altar of Gozag here.
You curl up in front of the altar of Gozag.
Gozag welcomes you!
You pay a service fee of 9 gold.
Found 17 gold pieces.
You now have 20 gold pieces (gained 17).
g - a scroll labelled KAOREKKIDUDD
There is an opulent altar of Gozag here.
Found a ring mail.
An adder comes into view.
A two-headed ogre, a hound and a white imp come into view.
The hound barks!
You hear a shout!
A centaur comes into view.
The adder hisses angrily.
You hear a shout! x3
You see here a +0 ring mail.
The centaur wields a +0 orcbow.
The centaur shoots an arrow.
The arrow closely misses you.
You hear a shout!
You hear two shouts!
The centaur shoots an arrow.
The arrow hits you!
The centaur shoots an arrow.
The arrow hits you!
Ouch! That really hurt!
You die...
Your body crumbles into a pile of gold.

#.# *,,,***,,<,,,,,,,,,,,,,,*
###.###,,,***,,,,**,**,,,****,,
#.....#,*,**,,,,,**,*,,**#****,
#.#.###,*,***,,,***,,,*#..,****
#.._..#,*,,,,,,,***,,*....,,***
###.#.#,*****,,,,,,,,.....,,,**
#.....#,* **,**###.c...O,,,**
###.###** ########[..S....,,,*,
#...# #...@...h#.##...,,**,
#.#### #.########*.5,,,,,*,,
#.##.## #.#.....#***##,,,*,,*
###.#...### #.#......#***,,,,,,**
.....^....###.#......+,,,,,,,,**,
#.#.#...#.....#......#***,,,*,,,,
.##.##.########.....## *,,,*,***
.*#.##.#* *.....## *,,,,,,,,
.,#.....* **,..## **,,,*****


You could see a centaur, a hound and an adder.

Vanquished Creatures
  A dart slug (D:5)
1 creature vanquished.

Notes
Turn   | Place    | Note
-------+----------+-------------------------------------------
     0 | D:5      | Esekla the Octopode Delver began the quest for the Orb.
     0 | D:5      | Reached XP level 1. HP: 16/16 MP: 1/1
   154 | D:5      | Found Tikargh's Jewellery Emporium.
   263 | D:5      | Found Tegick's Weapon Emporium.
   281 | D:5      | Found an opulent altar of Gozag.
   289 | D:5      | Became a worshipper of Gozag Ym Sagoz the Greedy
   331 | D:5      | Noticed a two-headed ogre
   331 | D:5      | Noticed a hound
   331 | D:5      | Noticed a centaur
   335 | D:5      | Shot with an arrow by a centaur

Illustrated notes

Levels and vault maps discovered:
D:5:      layout_loops_corners, nicolae_gozag_cash_rules_everything_around_me,
          serial_co_window_serial, co_window_corner_a, co_window_paths_a,
          co_window_of_opportunity_a, co_window_of_opportunity_a,
          co_window_corner_a, co_window_paths_a, co_window_unsneaky_path_b,
          co_window_corner_b, co_window_paths_c, co_window_unsneaky_path_e,
          co_window_broadway_a, co_window_corner_b, co_window_paths_e,
          glass_columns_b, glass_columns_c, serial_shops, shop,
          nicolae_shop_just_a_little_nook, shop, minmay_manual_moon

Action                     || total
---------------------------++-------
  Melee: Long sword        ||     2
         Constrict         ||     1
    Use: Scroll            ||     1
   Stab: Sleeping          ||     1
  Dodge: Dodged            ||     1

Table legend: (Time is in decaauts)
 A = Elapsed time spent in this place.
 B = Non-inter-level travel time spent in this place.
 C = Inter-level travel time spent in this place.
 D = Time resting spent in this place.
 E = Time spent auto-exploring this place.
 F = Levels seen in this place.
 G = Mean time per level.
                   A        B        C        D        E       F      G
               +--------+--------+--------+--------+--------+-----+--------+
         Total |    335 |    335 |      0 |      0 |      0 |   1 |  335.0 |
       Dungeon |    335 |    335 |      0 |      0 |      0 |   1 |  335.0 |
               +--------+--------+--------+--------+--------+-----+--------+

Top non-repeatable levels by time:
     D:5: 335 daAuts
